Map: Port Aleksander LE

Players

basedgoddd

  • Race: Terran Terran
  • League: Master
  • Spawn Location: 5:00

BOOOOOOOOOoM - Winner!

  • Race: Zerg Zerg
  • League: Master
  • Spawn Location: 11:00

VOD

Have the link to the VOD?

Description

zvt bombas

Time

  • Played on: Feb. 20, 2019, 6:11 a.m.
  • Length: 11:45
Show
View Real Time Build Order
Export as new Build Order

basedgoddd Terran 

Build Orders: Reaper Expand 

Get SALT Encoding   

  12  0:01  SCV  
  13  0:14  SCV  
  14  0:18  Supply Depot  
  14  0:26  SCV  
  15  0:40  SCV  
  15  0:41  Barracks  
  16  0:47  Refinery  
  16  0:52  SCV  
  17  1:04  SCV  
  18  1:16  SCV  
  19  1:29  Orbital Command  
  19  1:31  Reaper  
  20  1:43  Command Center  
  20  1:56  SCV  
  20  1:58  Supply Depot  
  21  2:03  Marine  
  21  2:08  SCV  
  23  2:13  Factory  
  23  2:20  SCV  
  24  2:27  Barracks Reactor  
  24  2:32  SCV  
  25  2:44  SCV  
  25  2:46  Bunker  
  26  2:56  Factory Tech Lab  
  26  2:57  Orbital Command  
  26  3:01  Barracks  
  26  3:03  Marine  
  26  3:04  Marine  
  28  3:07  SCV  
  28  3:11  Refinery  
  29  3:19  SCV  
  30  3:21  Marine x2  
  30  3:23  SCV  
  30  3:24  Siege Tank  
  36  3:31  SCV  
  37  3:35  SCV  
  30  4:03  Marine x2  
  30  4:04  Barracks Tech Lab  
  30  4:05  Siege Tank  
  34  4:13  SCV  
  35  4:25  SCV  
  35  4:28  Stimpack  
  35  4:29  Marine x2  
  35  4:30  Marine  
  35  4:31  Command Center  
  39  4:38  Siege Tank, SCV  
  46  4:54  SCV  
  46  4:56  Supply Depot x2  
  46  4:57  Supply Depot  
  46  4:58  Orbital Command  
  44  5:02  Engineering Bay  
  44  5:06  Engineering Bay  
  44  5:24  SCV x2  
  46  5:29  Marine x3  
  46  5:35  Siege Tank  
  52  5:36  SCV x2  
  54  5:47  Marine  
  54  5:48  Orbital Command  
  56  5:54  SCV x2  
  57  6:05  Terran Infantry Weapons Level 1  
  57  6:06  Terran Infantry Armor Level 1, SCV x2  
  57  6:07  Siege Tank  
  57  6:11  Refinery  
  62  6:14  Refinery  
  62  6:16  SCV  
  64  6:18  SCV x2  
  64  6:24  Supply Depot  
  65  6:26  Supply Depot  
  65  6:28  SCV  
  65  6:30  Supply Depot  
  66  6:37  Marine x3  
  66  6:38  SCV x2  
  71  6:40  SCV  
  71  6:42  Siege Tank  
  75  6:47  Starport  
  75  6:50  SCV x2  
  75  6:51  Barracks  
  77  6:54  Combat Shield  
  77  7:03  Barracks  
  77  7:04  Barracks, Orbital Command  
  77  7:05  SCV  
  78  7:11  Marine x2, Marauder  
  78  7:13  SCV  
  83  7:17  SCV  
  84  7:23  Supply Depot  
  84  7:25  SCV  
  84  7:26  Starport Reactor  
  85  7:30  Barracks  
  85  7:39  SCV x3  
  88  7:51  Barracks Tech Lab, SCV x2  
  88  7:52  Barracks Tech Lab, SCV  
  88  7:53  Barracks Tech Lab  
  88  7:56  Marine x3  
  88  7:57  Missile Turret  
  94  7:59  Supply Depot  
  94  8:03  SCV  
  94  8:04  Medivac x2, SCV x2  
  101  8:06  Siege Tank  
  101  8:09  Armory  
  101  8:11  Concussive Shells  
  104  8:13  Marine x2  
  104  8:14  Marine, Marauder  
  104  8:19  Marine  
  110  8:24  SCV x3  
  113  8:30  Marine, Supply Depot  
  113  8:31  Marine  
  113  8:32  Supply Depot  
  113  8:34  Supply Depot  
  116  8:36  Medivac x2  
  116  8:37  Supply Depot  
  116  8:38  Siege Tank, SCV  
  116  8:39  SCV x2  
  125  8:49  Command Center  
  125  8:52  Marine  
  125  8:53  Marine, Marauder x2  
  131  8:59  SCV x3  
  131  9:01  Refinery  
  131  9:02  Refinery  
  134  9:08  Marine x2  
  136  9:10  Marine, Terran Infantry Weapons Level 2  
  136  9:11  Terran Infantry Armor Level 2  
  136  9:16  Marine x3  
  140  9:19  Medivac  
  142  9:26  Marine x2  
  142  9:28  Marine  
  142  9:29  Supply Depot  
  142  9:31  Supply Depot x2  
  145  9:32  Supply Depot  
  145  9:33  Medivac  
  145  9:35  Supply Depot  
  145  9:37  Siege Tank  
  145  9:38  Marine x2  
  151  9:40  Marine  
  153  9:52  Barracks x2  
  153  9:54  Barracks  
  153  9:55  Marine x2  
  153  9:56  Marauder  
  157  10:02  Marine  
  157  10:03  Marine, Marauder  
  161  10:13  Marine x2  
  163  10:17  Missile Turret  
  163  10:20  Marine  
  163  10:21  Marauder x2  
  168  10:24  Marine  
  162  10:31  Marine  
  162  10:32  Marauder  
  162  10:33  Orbital Command  
  145  10:38  Marine  
  145  10:42  Marine, Marauder x2  
  147  10:44  Marine  
  147  10:49  Marine  
  149  10:53  Marauder  
  146  11:01  SCV x2  
  146  11:02  SCV  
  151  11:13  Marine x3, SCV  
  151  11:14  SCV x2  
  143  11:26  SCV x2  
Show
View Real Time Build Order
Export as new Build Order

BOOOOOOOOOoM Zerg - Winner!

Build Orders: Pool First 

Get SALT Encoding   

  12  0:00  Drone  
  13  0:10  Drone  
  14  0:25  Extractor  
  13  0:28  Spawning Pool  
  13  0:33  Drone  
  13  0:36  Drone  
  14  0:45  Overlord  
  14  1:03  Drone x2  
  16  1:06  Drone  
  17  1:15  Queen  
  19  1:18  Drone  
  20  1:43  Hatchery  
  20  1:45  Roach Warren  
  19  1:48  Overlord  
  19  1:53  Overlord  
  19  2:02  Burrow  
  19  2:25  Roach x4  
  19  2:29  Roach  
  29  2:36  Roach  
  31  2:41  Roach  
  33  3:05  Hatchery  
  32  3:20  Roach  
  32  3:28  Hatchery  
  32  3:31  Drone x2  
  32  3:32  Drone  
  34  3:43  Roach x3  
  34  3:48  Roach x3, Drone  
  33  3:51  Roach  
  33  3:56  Queen  
  35  4:08  Roach x3, Drone  
  35  4:09  Drone  
  33  4:11  Roach  
  33  4:13  Drone  
  33  4:14  Drone  
  35  4:19  Queen  
  35  4:22  Drone x2  
  39  4:27  Drone  
  39  4:30  Drone  
  41  4:39  Drone x2  
  41  4:41  Drone  
  41  4:44  Queen  
  46  4:45  Overlord  
  46  4:47  Overlord  
  46  4:49  Drone  
  47  4:54  Roach  
  47  4:59  Drone x3  
  50  5:04  Drone x3  
  53  5:08  Roach  
  53  5:11  Roach, Drone x3  
  54  5:16  Drone x2  
  54  5:17  Drone  
  55  5:34  Metabolic Boost  
  55  5:37  Drone  
  55  5:38  Drone x6  
  62  5:49  Hatchery  
  61  5:54  Overlord x2  
  61  5:55  Drone x2  
  61  5:56  Drone  
  64  5:57  Drone  
  65  6:08  Hatchery  
  65  6:10  Drone x2  
  66  6:11  Overlord  
  66  6:12  Overlord  
  66  6:14  Lair  
  66  6:20  Extractor  
  66  6:22  Extractor  
  66  6:23  Drone x10  
  74  6:41  Evolution Chamber  
  74  6:43  Baneling Nest, Extractor, Drone x5  
  74  6:44  Evolution Chamber  
  74  6:45  Extractor x2  
  73  6:57  Drone  
  73  7:01  Overlord x2  
  74  7:02  Zergling x2  
  74  7:03  Zergling x8  
  74  7:08  Queen  
  79  7:13  Zerg Melee Weapons Level 1  
  79  7:14  Zerg Ground Armor Level 1, Roach  
  81  7:20  Zergling x6  
  81  7:21  Zergling x16  
  92  7:28  Baneling x6  
  92  7:29  Baneling  
  92  7:31  Baneling  
  92  7:38  Zergling x20  
  92  7:39  Baneling x2  
  92  7:40  Baneling x2  
  92  7:43  Overlord x2  
  92  7:44  Overlord  
  100  7:51  Baneling x7  
  100  7:52  Zergling x18  
  109  8:05  Drone x8  
  117  8:09  Centrifical Hooks  
  117  8:10  Infestation Pit  
  117  8:12  Zergling x10  
  121  8:22  Spore Crawler  
  121  8:25  Zergling x14  
  127  8:27  Pneumatized Carapace  
  127  8:48  Zergling x38  
  135  8:53  Roach  
  146  8:58  Spore Crawler x2  
  146  8:59  Zergling x2  
  146  9:00  Zergling x10  
  146  9:01  Baneling  
  146  9:02  Baneling x9  
  150  9:07  Hive  
  150  9:09  Baneling  
  150  9:10  Baneling x5  
  150  9:44  Overlord x2  
  150  9:45  Overlord x3  
  150  10:03  Zergling x12  
  150  10:04  Zergling x38  
  150  10:05  Baneling x7  
  150  10:06  Baneling x2  
  174  10:19  Baneling x5  
  174  10:20  Baneling x19  
  170  10:25  Zergling x6  
  170  10:26  Zergling x4  
  153  10:38  Zergling x22  
  153  10:39  Zergling x2  
  161  10:47  Overlord x2, Zergling x2  
  161  10:48  Zergling x6  
  157  10:58  Zergling x2  
  157  10:59  Baneling, Zergling x18  
  157  11:01  Baneling x6  
  157  11:02  Baneling  
  166  11:08  Baneling x10  
Tags
 
Add a new tag
Caveats
  • Supply blocks, unpowered buildings, or Contaminate may cause inaccurate times.
  • Supply counts are checked every 10 seconds.